 Dungeon Crawl Stone Soup version 0.23.2-1-ga50397a (webtiles) character file.

Game seed: 3844146362130976017

161 funkygono the Digger (level 5, 0/36 HPs)
             Began as a Formicid Earth Elementalist on May 11, 2019.
             Shot with an arrow by a centaur (11 damage)
             ... on level 3 of the Dungeon.
             The game lasted 00:07:51 (2719 turns).

funkygono the Digger (Formicid Earth Elementalist)  Turns: 2719, Time: 00:07:51

Health: 0/36       AC:  2    Str: 12    XL:     5   Next: 70%
Magic:  8/11       EV: 12    Int: 16    God:
Gold:   121        SH:  0    Dex: 11    Spells: 4/13 levels left

rFire    . . .     SeeInvis +   k - +0 flail
rCold    . . .     Gourm    .   (no shield)
rNeg     . . .     Faith    .   c - +0 robe
rPois    .         Spirit   .   (helmet unavailable)
rElec    .         Reflect  .   (no cloak)
rCorr    .         Harm     .   (no gloves)
MR       .....                  (no boots)
Stlth    +.........             (no amulet)
HPRegen  0.12/turn              a - ring of attention (curse)
MPRegen  0.12/turn              (no ring)

@: no status effects
A: permanent stasis, dig shafts and tunnels, four strong arms, antennae 3
a: Dig, Shaft Self


You were on level 3 of the Dungeon.
You were very hungry.

You visited 1 branch of the dungeon, and saw 3 of its levels.

You collected 121 gold pieces.

Inventory:

Hand Weapons
 k - a +0 flail (weapon)
Missiles
 b - 49 stones (quivered)
Armour
 c - a +0 robe (worn)
 j - a +0 ring mail
 l - a +0 large shield
 n - a +0 leather armour
Jewellery
 a - a cursed ring of attention (left hand)
 o - an uncursed ring of stealth {unknown}
Wands
 p - a wand of digging (6)
Scrolls
 q - a scroll of enchant armour {unknown}
 r - a scroll of magic mapping {unknown}
Potions
 e - a potion of lignification
 f - a potion of heal wounds {unknown}
 g - 3 potions of flight {unknown}
 h - 2 potions of brilliance {unknown}
 i - 3 potions of might {unknown}
 m - a potion of degeneration {unknown}
Comestibles
 d - 3 rations


   Skills:
 + Level 0.4 Fighting
 + Level 2.2 Dodging
 + Level 2.5 Stealth
 + Level 4.6 Spellcasting
 + Level 0.2 Conjurations
   Level 1.1 Transmutations
 + Level 4.6 Earth Magic


You had 4 spell levels left.
You knew the following spells:

 Your Spells              Type           Power        Failure   Level  Hunger
a - Sandblast             Erth           ###...       2%          1    None
b - Stone Arrow           Conj/Erth      ##....       19%         3    ###....
c - Lee's Rapid Deconstr  Erth           ###.......   54%         5    ######.

Your spell library contained the following spells:

 Spells                   Type           Power        Failure   Level  Hunger
 Passwall                 Tmut/Erth      ##......     8%          2    ##.....
 Petrify                  Tmut/Erth      ##......     43%         4    ####...


Dungeon Overview and Level Annotations

Branches:
Dungeon (3/15)

Altars:
Cheibriados
Nemelex Xobeh


Innate Abilities, Weirdness & Mutations

You cannot be hasted, slowed, berserked, paralysed or teleported.
You can dig through walls and to a lower floor.
Your four strong arms can wield two-handed weapons with a shield.
You have a pair of large antennae on your head. (SInv)


Message History

A centaur comes into view.
The quokka bites you.
The centaur wields a +0 shortbow.
The centaur shoots an arrow.
The arrow hits you.
Found a black book.
You see here an arrow.
The quokka barely misses you.
The centaur shoots an arrow.
The arrow hits you! The quokka closely misses you.
You see here an arrow.
The quokka bites you.
The centaur shoots an arrow.
The arrow hits you!
You see here an arrow.
Casting: Stone Arrow (safe; 19% risk of failure)
Confirm with . or Enter, or press ? or * to list all spells.
Aiming: Stone Arrow (safe; 19% risk of failure)
Press: ? - help, Shift-Dir - straight line, f - centaur
Aim: a centaur, wielding a +0 shortbow The stone arrow hits the centaur!
The centaur is moderately wounded.
The centaur shoots an arrow.
The arrow hits you!
You die...

.##...####.#..#.######
#.###.#....................
#.#..g..#$.
######<#.#######
#.#.###(#.# #.#.#
#.##...##.# #.#.#
#..##.##..# ..#.###
#........#### ...#..#
#.#......(..######.##.#.#
#.#.####.#grc.@.....#.#
#....##.###.####.####.#
#......## ##.# # #.#
#....##.###.###.. #.#
#..#####<#.## #.# #)# ##.#
##.## #.# #.###### #># #.#
#.# #.##...# #.# #.# #.#
##.##...### #.# #.# #.#
##.........##


You could see a centaur, a quokka and a goblin.

Vanquished Creatures
  Natasha (thrice) (D:2)
  4 adders (D:2)
  2 worms (D:2)
  2 dart slugs (D:2)
  An orc (D:2)
  A ball python (D:1)
  3 bats
  A giant cockroach (D:2)
  4 goblins
  5 hobgoblins
  6 frilled lizards
  9 kobolds
  5 rats
46 creatures vanquished.

Notes
Turn   | Place    | Note
-------+----------+-------------------------------------------
     0 | D:1      | funkygono the Formicid Earth Elementalist began the quest
                  | for the Orb.
     0 | D:1      | Reached XP level 1. HP: 13/13 MP: 3/3
    87 | D:1      | You fall through a shaft!
   233 | D:1      | Reached XP level 2. HP: 3/19 MP: 0/5
  1055 | D:2      | Reached XP level 3. HP: 24/24 MP: 3/7
  1239 | D:2      | Learned a level 3 spell: Stone Arrow
  1425 | D:2      | Found a sparkling altar of Nemelex Xobeh.
  1526 | D:2      | Noticed Natasha
  1538 | D:2      | Killed Natasha
  1538 | D:2      | Reached XP level 4. HP: 20/30 MP: 0/9
  1541 | D:2      | Noticed Natasha
  1565 | D:2      | Killed Natasha
  1709 | D:2      | Reached XP level 5. HP: 35/35 MP: 4/10
  1716 | D:2      | Learned a level 5 spell: Lee's Rapid Deconstruction
  1958 | D:2      | Found a snail-covered altar of Cheibriados.
  2197 | D:2      | Noticed Natasha
  2202 | D:2      | Killed Natasha
  2705 | D:3      | Noticed a centaur
  2719 | D:3      | Shot with an arrow by a centaur

Skill      XL: |  1  2  3  4  5 |
---------------+----------------+-----
Dodging        | 2 |  2.2
Spellcasting   | 3 4 |  4.6
Earth Magic    | 4 |  4.6
Fighting       | |  0.4
Stealth        | |  2.5
Conjurations   | |  0.2
Transmutations | |  1.1

Action                   |  1- 3 |  4- 6 || total
-------------------------+-------+-------++-------
Melee: Club              |     3 |       ||     3
       Unarmed           |     1 |       ||     1
       Flail             |     2 |    14 ||    16
Throw: Stone             |     1 |     2 ||     3
 Cast: Sandblast         |    43 |     7 ||    50
       Stone Arrow       |     5 |    21 ||    26
  Use: Scroll            |     2 |     1 ||     3
  Eat: Chunk             |     3 |     4 ||     7
Armor: Robe              |     1 |     8 ||     9
Dodge: Dodged            |    22 |    18 ||    40
